AoeStats
← Boni_5

Fortress

509197840Analyzed
2v2 RM · 7d ago on Sep 25, 2026· 44m 43s· 4 players
Game mode
Random Map
Map size
Normal (6 player)
Population
200
Speed
Normal
Resources
Standard
Victory
Conquest
Starting age
Dark Age
Ending age
Imperial Age
RankedLock teamsTeams togetherTeam positionsShared explorationLock speedFull tech treeHidden civsTurbo modeCheats
Victory
Defeat
🇦🇷 Poles · Argentina
1186
+10
🇨🇱 Cumans · Chile
819
+53
🇺🇸 Sicilians · United States
1056
-18
🇪🇸 Dravidians · Spain
986
-15
Very ellegant player
8:33 Feudal Age
6:50 Loom
9:55 Double-Bit Axe
12:24 Castle Age
11:33 Horse Collar
13:26 Bow Saw
17:06 Szlachta Privileges
18:19 Scale Barding Armor
18:24 Forging
18:19 Husbandry
18:29 Bloodlines
19:04 Heavy Plow
20:23 Wheelbarrow
25:11 Chain Barding Armor
26:00 Iron Casting
31:56 Imperial Age
29:43 Hand Cart
29:58 Gold Mining
32:01 Light Cavalry
32:01 Cavalier
32:46 Padded Archer Armor
33:49 Blast Furnace
34:11 Conscription
42:40 Stone Mining
kao3385
8:45 Feudal Age
9:50 Horse Collar
10:11 Double-Bit Axe
17:29 Castle Age
18:09 Wheelbarrow
17:20 Loom
22:19 Forging
22:00 Fletching
22:36 Scale Barding Armor
23:04 Bow Saw
24:32 Pikeman
25:13 Squires
24:59 Arson
42:20 Hand Cart
41:50 Town Watch
45:19 Scale Mail Armor
DrErChivo
0:30 Loom
8:19 Feudal Age
12:06 Castle Age
10:19 Double-Bit Axe
10:37 Horse Collar
10:59 Gold Mining
15:27 Bow Saw
15:55 Heavy Plow
18:09 Wheelbarrow
17:43 Scale Barding Armor
17:49 Forging
20:54 Bloodlines
20:45 Husbandry
21:52 Bloodlines
21:42 Husbandry
23:36 Iron Casting
24:21 Chain Barding Armor
27:26 Imperial Age
26:30 Husbandry
27:32 Cavalier
29:13 Blast Furnace
28:59 Plate Barding Armor
29:39 Hauberk
33:41 Scale Mail Armor
34:13 Conscription
33:14 Pikeman
33:55 Squires
35:19 Halberdier
36:54 Chain Mail Armor
39:29 Fletching
44:20 Plate Mail Armor
Boni_5
5:47 Loom
8:23 Feudal Age
6:39 Loom
8:51 Horse Collar
8:59 Double-Bit Axe
15:48 Castle Age
14:09 Stone Mining
14:10 Gold Mining
15:30 Forging
17:19 Scale Mail Armor
18:37 Heavy Plow
18:56 Bow Saw
18:39 Pikeman
19:23 Arson
19:41 Squires
22:11 Town Watch
23:02 Wheelbarrow
26:31 Iron Casting
26:13 Chain Mail Armor
39:05 Imperial Age
37:54 Town Patrol
Connection lost

Rejoining the realm…

Still unreachable

The connection could not be restored.

Session expired

The server has moved on; the page needs a fresh start.